 Dungeon Crawl Stone Soup version 0.32-a0-913-g739538afd8 (webtiles) character file.

Game seed: 68678947029298775

185 Palyth the Slasher (level 5, -10/39 HPs)
             Began as a Coglin Gladiator on Apr 9, 2024.
             Mangled by an ice beast (14 damage)
             ... on level 3 of the Dungeon.
             The game lasted 00:06:23 (2806 turns).

Palyth the Slasher (Coglin Gladiator)               Turns: 2806, Time: 00:06:24

Health: -10/39     AC:  4    Str: 15    XL:     5   Next: 64%
Magic:  5/5        EV: 12    Int:  9    God:
Gold:   90         SH:  0    Dex: 15    Spells: 4/4 levels left

rFire   . . .        a - +0 long sword {Fernando}
rCold   . . .        k - +2 dagger (venom) {Teghnoor}
rNeg    . . .        b - +0 leather armour
rPois   .            c - +0 helmet
rElec   .            (no cloak)
rCorr   .            (no gloves)
SInv    .            (no boots)
Will    .....        (amulet unavailable)
Stlth   +            (ring unavailable)
HPRegen 0.26/turn    (ring unavailable)
MPRegen 0.09/turn    (no gizmo)

%: no passive effects
@: weak-willed, revving
A: off-hand wielding, slow wielding, warmup strikes, no jewellery
a: Invent Gizmo


You were on level 3 of the Dungeon.
You visited 1 branch of the dungeon, and saw 4 of its levels.

You collected 90 gold pieces.

Inventory:

Hand Weapons
 a - a +0 long sword (weapon) {Fernando}
 f - a +0 dagger {Hugo}
 k - a +2 dagger of venom (offhand) {Teghnoor}
Missiles
 d - 3 throwing nets (quivered) {=f}
 e - a javelin
 i - 27 stones
 q - 2 poisoned darts
 y - 6 curare-tipped darts {=f}
Armour
 b - a +0 leather armour (worn)
 c - a +0 helmet (worn)
 j - a +0 plate armour
 l - a +0 pair of boots
Wands
 v - a wand of quicksilver (10)
 w - a wand of paralysis (12)
Scrolls
 g - a scroll of identify {unknown}
 p - a scroll of enchant weapon {unknown}
 r - a scroll of vulnerability
 t - a scroll of amnesia {unknown}
 B - a scroll of blinking {unknown}
Potions
 h - a potion of curing {unknown}
 n - a potion of attraction {unknown}
 o - a potion of mutation {unknown}
 u - a potion of cancellation {unknown}
 x - a potion of lignification {unknown}
 z - 2 potions of berserk rage {unknown}
 A - a potion of degeneration {unknown}
 C - a potion of enlightenment {unknown}
 D - a potion of brilliance {unknown}


   Skills:
 + Level 2.5 Fighting
 + Level 4.3 Long Blades
 - Level 1.7 Throwing
 + Level 2.4 Armour
 + Level 3.4 Dodging
 + Level 0.4 Stealth


You had 4 spell levels left.
You didn't know any spells.
Your spell library contained the following spells:

 Spells                   Type           Power      Damage    Failure   Level
 Magic Dart               Conj           0%         1d3       45%         1
 Searing Ray              Conj           0%         2d4       58%         2
 Dazzling Flash           Conj/Hex       0%         N/A       83%         3
 Frozen Ramparts          Ice            0%         1d1       83%         3
 Mephitic Cloud           Conj/Alch/Air  0%         N/A       83%         3
 Ozocubu's Armour         Ice            0%         N/A       83%         3
 Fulminant Prism          Conj/Alch      0%         3d5       99%         4
 Curse of Agony           Necr           0%         N/A       100%        5
 Metabolic Englaciation   Hex/Ice        0%         N/A       100%        5
 Silence                  Hex/Air        0%         N/A       100%        5


Dungeon Overview and Level Annotations

Branches:
Dungeon (4/15)
 Temple: D:4-7

Altars:

Annotations:
D:3 3 runed translucent doors, exclusion: ice beast, EvilEddieB's ghost, amateur DsNe; prad's ghost, amateur FoHu


Innate Abilities, Weirdness & Mutations

You can wield a second weapon in your off-hand.
It takes a long time for you to wield or remove held weapons.
Your first few attacks do less damage.
You cannot equip rings or amulets.


Message History

As you read the scroll labelled WYTHRI YMAA, it crumbles to dust.
You hear a loud clanging noise!
It was a scroll of noise.
You hear an angry hiss.
You hear a shout! x2
As you read the scroll labelled USUOGU FEEN, it crumbles to dust.
You feel strangely unstable.
It was a scroll of teleportation.
You climb upwards.
Level annotation: 3 runed translucent doors, exclusion: ice beast, EvilEddieB's ghost, amateur DsNe; prad's ghost, amateur FoHu
There is a stone staircase leading down here.
You start waiting.
Your surroundings suddenly seem different.
You closely miss the ice beast with your +2 dagger of venom.
You hit the ice beast but do no damage. The ice beast misses you.
You hit the ice beast but do no damage.
You hit the ice beast with your +2 dagger of venom.
The ice beast hits you but does no damage.
You hit the ice beast but do no damage.
The ice beast is poisoned.
The ice beast is lightly wounded.
You closely miss the ice beast with your +0 long sword.
The ice beast hits you but does no damage.
You hit the ice beast but do no damage.
The ice beast is lightly wounded.
You hit the ice beast with your +0 long sword.
The ice beast hits you but does no damage.
You closely miss the ice beast with your +2 dagger of venom.
The ice beast is moderately wounded.
You slash the ice beast with your +0 long sword!
The ice beast barely misses you.
You hit the ice beast but do no damage.
The ice beast is heavily wounded.
You hit the ice beast with your +2 dagger of venom.
The ice beast hits you. The ice beast freezes you.
You closely miss the ice beast with your +2 dagger of venom.
The ice beast is heavily wounded.
You hit the ice beast but do no damage.
The ice beast hits you but does no damage.
You barely miss the ice beast with your +2 dagger of venom.
The ice beast is heavily wounded.
You closely miss the ice beast with your +0 long sword.
The ice beast hits you. The ice beast freezes you!
You hit the ice beast but do no damage.
The ice beast is severely wounded.
You closely miss the ice beast with your +0 long sword.
The ice beast hits you but does no damage.
You hit the ice beast with your +0 long sword.
The ice beast is almost dead.
You barely miss the ice beast with your +2 dagger of venom.
The ice beast barely misses you.
You barely miss the ice beast with your +0 long sword.
The ice beast is almost dead.
You hit the ice beast but do no damage. The ice beast hits you.
The ice beast freezes you!
* * * LOW HITPOINT WARNING * * *
The ice beast attacks as it pursues you!
The ice beast hits you but does no damage.
The ice beast attacks as it pursues you!
The ice beast hits you.
* * * LOW HITPOINT WARNING * * *
The ice beast freezes you!
You die...

...# #......# #....####.###.####
...# #......# #.............####
...####.##'### #.........###.....
##......##.#####.....##.......###
#########[...........##.#...#.#..
..................##.##.#.###.###
........#..######.##.##.#.# #.##.
...............<.......[..# #.##.
........#...##.#g######.### #.##.
#####.......##.#.Y..##.># #.##.
###.#.#.##.##.$....######.###
###.#.##.##.#...........#
#.#..#.##.#......####.###
#.##.#.##.#..#...........
#.##.#.#.....#.#.##.#.###
#.##.#.#####.# # ##...#
#.##.........# #####


You could see an ice beast (poisoned).

Vanquished Creatures
  2 orc priests (D:3)
  Ijyb (D:2)
  5 adders
  A ribbon worm (D:2)
  5 orcs (D:3)
  2 endoplasms
  3 giant cockroaches
  9 goblins
  4 hobgoblins
  2 jackals (D:2)
  A quokka (D:1)
  4 ball pythons
  A bat (D:3)
  3 frilled lizards (D:2)
  6 kobolds
  4 rats
53 creatures vanquished.

Notes
Turn   | Place    | Note
-------+----------+-------------------------------------------
     0 | D:1      | Palyth the Coglin Gladiator began the quest for the Orb.
     0 | D:1      | Reached XP level 1. HP: 16/16 MP: 1/1
   473 | D:1      | Reached XP level 2. HP: 22/22 MP: 2/2
  1056 | D:2      | Reached XP level 3. HP: 27/27 MP: 3/3
  1388 | D:2      | Noticed Ijyb
  1453 | D:2      | Paralysed by Ijyb for 3 turns
  1459 | D:2      | Paralysed by Ijyb for 3 turns
  1466 | D:2      | Killed Ijyb
  1467 | D:2      | Reached skill level 1 in Armour
  1467 | D:2      | Reached XP level 4. HP: 10/33 MP: 4/4
  1707 | D:2      | Reached skill level 4 in Long Blades
  1975 | D:3      | Noticed an ice beast
  2075 | D:3      | Found a runed translucent gate.
  2075 | D:3      | Found a runed translucent gate.
  2075 | D:3      | Found a runed translucent gate.
  2075 | D:3      | Noticed prad's ghost (amateur FoHu)
  2077 | D:3      | Noticed EvilEddieB's ghost (amateur DsNe)
  2139 | D:3      | Reached XP level 5. HP: 39/39 MP: 5/5
  2806 | D:3      | Mangled by an ice beast

Illustrated notes

Levels and vault maps discovered:
D:1:      matt_arrival_spirals, layout_basic
D:2:      kennysheep_the_goblin_king, layout_loops_ring,
          serial_co_window_serial, co_window_corner_a, co_window_paths_a,
          co_window_paths_a, co_window_paths_b, co_window_corner_a,
          co_window_paths_b, co_window_of_opportunity_a, co_window_2corner,
          co_window_corner_b, co_window_unsneaky_path_a, co_window_corner_b,
          glass_columns_b, glass_columns_a, glass_columns_a, glass_columns_a,
          glass_columns_a
D:3:      layout_basic, gammafunk_ghost_cemetery, minmay_misc_feat_columns
D:4:      layout_cave_pools, marbit_many_paths, minmay_temple_entry_waves

Skill      XL: |  1  2  3  4  5 |
---------------+----------------+-----
Dodging        | 3 |  3.4
Armour         | 1 2 |  2.4
Long Blades    | 4 |  4.3
Fighting       | |  2.5
Throwing       | |  1.7
Stealth        | |  0.4

Action                     |  1- 3 |  4- 6 || total
---------------------------+-------+-------++-------
  Melee: Long sword        |    55 |    49 ||   104
         Dagger            |    57 |    40 ||    97
    Use: Scroll            |       |     3 ||     3
   Stab: Sleeping          |     1 |       ||     1
 Armour: Leather armour    |    29 |    24 ||    53
  Dodge: Dodged            |    28 |    18 ||    46

Table legend: (Time is in decaauts)
 A = Elapsed time spent in this place.
 B = Non-inter-level travel time spent in this place.
 C = Inter-level travel time spent in this place.
 D = Time resting spent in this place.
 E = Time spent auto-exploring this place.
 F = Levels seen in this place.
 G = Mean time per level.
                   A        B        C        D        E       F      G
               +--------+--------+--------+--------+--------+-----+--------+
         Total |   2812 |   2746 |     66 |    300 |   1962 |   4 |  703.0 |
       Dungeon |   2812 |   2746 |     66 |    300 |   1962 |   4 |  703.0 |
               +--------+--------+--------+--------+--------+-----+--------+

Top non-repeatable levels by time:
     D:2: 1136 daAuts
     D:3: 845 daAuts
     D:1: 823 daAuts
     D:4: 6 daAuts
